 Dungeon Crawl Stone Soup version 0.23.0 (webtiles) character file.

Game seed: 10125582075872649633

10250 tv1990 the Cleaver (level 11, -4/87 HPs)
             Began as a Formicid Monk on Feb 10, 2019.
             Was an Elder of Okawaru.
             Slain by an orc warlord
             ... wielding a +0 bardiche
              (6 damage)
             ... in a bailey.
             The game lasted 00:34:03 (10349 turns).

tv1990 the Cleaver (Formicid Monk)                 Turns: 10349, Time: 00:34:04

Health: -4/87      AC: 22    Str: 19    XL:     11   Next: 89%
Magic:  14/15      EV: 10    Int: 10    God:    Okawaru [****..]
Gold:   474        SH:  0    Dex: 13    Spells: 10/10 levels left

rFire    . . .     SeeInvis +   M - +0 broad axe
rCold    . . .     Gourm    +   (no shield)
rNeg     . . .     Faith    .   K - +0 plate armour
rPois    .         Spirit   .   (helmet unavailable)
rElec    .         Reflect  .   I - +2 cloak
rCorr    .         Harm     .   w - +0 pair of gloves
MR       +....                  n - +0 pair of boots
Stlth    ..........             p - amulet of the gourmand
HPRegen  0.24/turn              o - ring of see invisible
MPRegen  0.14/turn              i - ring of teleportation

@: heroism
A: permanent stasis, dig shafts and tunnels, four strong arms, antennae 3
a: Dig, Shaft Self, Heroism, Renounce Religion


You were in a bailey.
You worshipped Okawaru.
Okawaru was greatly pleased with you.
You were completely stuffed.

You visited 2 branches of the dungeon, and saw 10 of its levels.
You also visited: Bailey.

You collected 474 gold pieces.

Inventory:

Hand Weapons
 a - a +0 hand axe
 j - a cursed +3 hand axe of freezing
 x - a +1 flail of venom
 A - a +0 war axe
 M - a +0 broad axe (weapon)
Missiles
 y - 121 bolts
Armour
 b - a +0 robe
 f - a +0 leather armour
 l - a +0 scale mail
 n - a +0 pair of boots (worn)
 v - a +0 chain mail
 w - a +0 pair of gloves (worn)
 I - a +2 cloak (worn)
 K - a +0 plate armour (worn)
 O - a scarf of resistance
Jewellery
 i - a ring of teleportation (right hand)
 o - a ring of see invisible (left hand)
 p - an amulet of the gourmand (around neck)
Wands
 C - a wand of clouds (4)
 G - a wand of disintegration (8)
 L - a wand of scattershot (6)
Scrolls
 d - 2 scrolls of fear
 e - 2 scrolls of identify
 g - 2 scrolls of amnesia
 h - 6 scrolls of remove curse
 m - 6 scrolls of enchant armour {unknown}
 q - a scroll of fog {unknown}
 r - 6 scrolls of teleportation {unknown}
 t - 4 scrolls of enchant weapon {unknown}
 F - 3 scrolls of blinking {unknown}
 J - a scroll of random uselessness {unknown}
 N - a scroll of immolation {unknown}
Potions
 s - 3 potions of flight
 u - a potion of mutation
 z - 5 potions of degeneration
 B - 2 potions of brilliance
 D - a potion of resistance
 E - 3 potions of cancellation
 H - a potion of magic
Comestibles
 c - 17 rations
 k - 20 chunks of flesh


   Skills:
 + Level 8.7(13.7) Fighting
 * Level 14.2(19.2) Axes
 + Level 7.9(12.9) Armour
 - Level 2.6(7.6) Dodging
 - Level 2.4(7.4) Stealth
 - Level 6.0 Invocations


You had 10 spell levels left.
You didn't know any spells.
Your spell library contained the following spells:

 Spells                   Type           Power        Failure   Level  Hunger
 Confusing Touch          Hex            #.....       99%         1    ##.....
 Magic Dart               Conj           #...         99%         1    ##.....
 Call Imp                 Summ           #.......     100%        2    ###....
 Slow                     Hex            #.......     100%        2    ###....
 Swiftness                Chrm/Air       #.......     100%        2    ###....
 Throw Flame              Conj/Fire      #.....       100%        2    ###....
 Confuse                  Hex            #.......     100%        3    ####...
 Conjure Flame            Conj/Fire      #.......     100%        3    ####...
 Gell's Gravitas          Tloc           #.........   100%        3    ####...
 Mephitic Cloud           Conj/Pois/Air  #.......     100%        3    ####...
 Petrify                  Tmut/Erth      #.......     100%        4    #####..
 Sticky Flame             Conj/Fire      #.......     100%        4    #####..
 Bolt of Magma            Conj/Fire/Erth #.........   100%        5    ######.
 Iskenderun's Battlesphe  Conj/Chrm      #.......     100%        5    ######.
 Metabolic Englaciation   Hex/Ice        #.........   100%        5    ######.
 Venom Bolt               Conj/Pois      #.........   100%        5    ######.
 Yara's Violent Unravell  Hex/Tmut       #.........   100%        5    ######.
 Freezing Cloud           Conj/Ice/Air   #.........   100%        6    #######
 Iron Shot                Conj/Erth      #.........   100%        6    #######
 Orb of Destruction       Conj           #.........   100%        7    #######
 Spellforged Servitor     Conj/Summ      #.........   100%        7    #######
 Blink                    Tloc           Unusable     N/A         2    N/A

Dungeon Overview and Level Annotations

Branches:
Dungeon (9/15)             Temple (1/1) D:6            Lair (0/6) D:9
    Orc: D:9-12

Altars:
Ashenzari
Cheibriados
Dithmenos
Elyvilon
Fedhas
Gozag
Hepliaklqana
Kikubaaqudgha
Makhleb
Nemelex Xobeh
Okawaru
Qazlal
Ru
Sif Muna
Trog
Uskayaw
Vehumet
Wu Jian
Xom
Yredelemnul
Zin
The Shining One


Innate Abilities, Weirdness & Mutations

You cannot be hasted, slowed, berserked, paralysed or teleported.
You can dig through walls and to a lower floor.
Your four strong arms can wield two-handed weapons with a shield.
You have a pair of large antennae on your head. (SInv)


Message History

You hit the orc warlord.
The orc warlord hits you but does no damage.
You slice the orc warlord!! You barely miss the orc warlord.
The orc warlord hits you with a +0 bardiche!!
* * * LOW HITPOINT WARNING * * *
You hit the orc warlord. You barely miss the orc warlord.
The orc warlord hits you with a +0 bardiche!
* * * LOW HITPOINT WARNING * * *
Your plate armour prevents you from hitting the orc warlord.
You slash the orc warlord! You completely miss the orc warlord.
You hit the hobgoblin but do no damage.
The orc warlord hits you with a +0 bardiche.
* * * LOW HITPOINT WARNING * * *
You slash the orc warlord! You hit the hobgoblin. The hobgoblin misses you.
You hit the orc warlord.
Your plate armour prevents you from hitting the hobgoblin.
The orc warlord hits you with a +0 bardiche.
You die...

♣.....♣♣♣###.....###.#
♣♣......##.........###
♣♣.......#...........#
♣........'...........#
♣♣..∩.∩..'.)...⌠.....#
♣.......'...........#
♣......)#...........#
♣....go.##....g....###
♣♣...@♣♣♣###.....###.#
♣....♣ ###.#'#....
♣♣♣♣♣♣ ###......
#....... #.......
#.....⌠. #.......
#....... ##......


You could see an orc warlord and a hobgoblin.

Vanquished Creatures
  An orc knight (Bailey)
  An ugly thing (D:9)
  Prince Ribbit (D:8)
  Sigmund (D:4)
  3 yaks (D:9)
  2 hungry ghosts
  Menkaure (D:5)
  Edmund (D:5)
  A water moccasin (D:8)
  9 orc warriors
  2 ice beasts
  An ogre (D:9)
  3 phantoms
  2 centaurs
  Blork the orc (D:4)
  A big kobold (D:9)
  4 bullfrogs
  A wyvern zombie (D:8)
  A water moccasin skeleton (D:4)
  7 killer bees
  10 wights (D:9)
  A crimson imp (D:7)
  4 howler monkeys
  A bullfrog skeleton (D:5)
  4 orc priests
  10 hounds
  4 orc wizards
  3 gnoll shamans
  4 worker ants
  A hound skeleton (D:5)
  2 worker ant zombies
  28 gnolls
  13 adders
  A shadow imp (D:5)
  2 adder zombies
  4 worms
  A dart slug (D:5)
  6 leopard geckos
  49 orcs
  7 giant cockroaches
  25 goblins
  23 hobgoblins
  4 jackals (D:1)
  4 quokkas
  3 ball pythons
  14 bats
  4 frilled lizards
  13 kobolds
  A quokka skeleton (D:5)
  5 rats
295 creatures vanquished.

Notes
Turn   | Place    | Note
-------+----------+-------------------------------------------
     0 | D:1      | tv1990 the Formicid Monk began the quest for the Orb.
     0 | D:1      | Reached XP level 1. HP: 18/18 MP: 1/1
   227 | D:1      | Reached XP level 2. HP: 22/24 MP: 2/2
   357 | D:1      | Reached skill level 1 in Armour
   595 | D:1      | Reached XP level 3. HP: 29/29 MP: 3/3
  1002 | D:2      | Found a blossoming altar of Fedhas.
  1297 | D:2      | Reached XP level 4. HP: 37/37 MP: 4/4
  1441 | D:2      | Reached skill level 4 in Axes
  1449 | D:2      | Found a hide-covered altar of Uskayaw.
  1838 | D:2      | Reached XP level 5. HP: 27/42 MP: 5/5
  2007 | D:2      | Found a hazy altar of Hepliaklqana.
  2025 | D:2      | Found a bloodstained altar of Trog.
  2066 | D:2      | Found a burning altar of Makhleb.
  2762 | D:3      | Reached skill level 5 in Axes
  2762 | D:3      | Reached XP level 6. HP: 47/49 MP: 6/6
  3558 | D:4      | Noticed Blork the orc
  3780 | D:3      | Reached XP level 7. HP: 41/55 MP: 7/7
  3864 | D:4      | Killed Blork the orc
  3864 | D:4      | Reached skill level 5 in Fighting
  3923 | D:4      | Reached skill level 6 in Axes
  4372 | D:4      | Noticed Sigmund
  4377 | D:4      | Killed Sigmund
  4377 | D:4      | Reached XP level 8. HP: 55/63 MP: 8/8
  4925 | D:5      | Entered Level 5 of the Dungeon
  5032 | D:5      | Noticed Edmund
  5055 | D:5      | i believe you
  5058 | D:5      | Killed Edmund
  5058 | D:5      | Reached skill level 7 in Axes
  5654 | D:5      | Noticed Menkaure
  5707 | D:6      | Reached skill level 5 in Armour
  5708 | D:6      | Found a snail-covered altar of Cheibriados.
  5836 | D:6      | Found a staircase to the Ecumenical Temple.
  6376 | Temple   | Entered the Ecumenical Temple
  6386 | Temple   | Became a worshipper of Warmaster Okawaru
  6386 | Temple   | Reached * piety under Okawaru
  6386 | Temple   | Reached ** piety under Okawaru
  6484 | D:6      | Reached skill level 1 in Invocations
  6606 | D:6      | Found a sacrificial altar of Ru.
  6627 | D:6      | Reached XP level 9. HP: 34/71 MP: 8/11
  7009 | D:6      | Reached skill level 5 in Invocations
  7258 | D:7      | Reached skill level 8 in Axes
  7272 | D:7      | Found a glowing golden altar of the Shining One.
  7304 | D:7      | Reached *** piety under Okawaru
  7453 | D:5      | Killed Menkaure
  7959 | D:7      | Found a stormy altar of Qazlal.
  8177 | D:7      | Reached skill level 9 in Axes
  8498 | D:7      | Reached XP level 10. HP: 62/79 MP: 14/14
  8635 | D:8      | Noticed Prince Ribbit
  8652 | D:8      | Killed Prince Ribbit
  8712 | D:8      | Received a gift from Okawaru
  9158 | D:8      | Identified Asiyk's Handbook of Fiery Feathers
  9368 | D:9      | Reached skill level 10 in Axes
  9377 | D:9      | Reached skill level 13 in Axes
  9377 | D:9      | Reached XP level 11. HP: 82/86 MP: 15/15
  9382 | D:9      | Noticed a red ugly thing
  9400 | D:9      | Killed a red ugly thing
  9400 | D:9      | Reached **** piety under Okawaru
  9635 | D:9      | Reached skill level 14 in Axes
  9648 | D:9      | Found a flagged portal.
  9654 | Bailey   | Entered a bailey
 10007 | Bailey   | Noticed an orc knight
 10036 | Bailey   | Reached ***** piety under Okawaru
 10042 | Bailey   | Killed an orc knight
 10276 | Bailey   | Noticed an orc knight
 10278 | Bailey   | Noticed an orc warlord
 10344 | Bailey   | HP: 2/87 [orc warlord/+0 bardiche (13)]
 10349 | Bailey   | Slain by an orc warlord

Skill      XL: |  1  2  3  4  5  6  7  8  9 10 11 |
---------------+----------------------------------+-----
Armour         | 1 2 3 4 5 6 7 |  7.9
Axes           | 4 5 6 7 9 13 14 | 14.2
Fighting       | 4 5 6 7 8 |  8.7
Invocations    | 3 6 |  6.0
Dodging        | |  2.6
Stealth        | |  2.4

Action                   |  1- 3 |  4- 6 |  7- 9 | 10-12 || total
-------------------------+-------+-------+-------+-------++-------
Melee: Hand axe          |   112 |   236 |       |       ||   348
       War axe           |       |    45 |   429 |   338 ||   812
       Broad axe         |       |       |       |    63 ||    63
       Punch             |       |       |       |     1 ||     1
Invok: Heroism           |       |       |     3 |     5 ||     8
       Finesse           |       |       |       |     1 ||     1
 Abil: Dig               |       |     7 |     8 |     5 ||    20
  Use: Potion            |       |     2 |     7 |     3 ||    12
       Scroll            |       |       |       |    13 ||    13
 Stab: Sleeping          |     3 |       |       |       ||     3
  Eat: Chunk             |     1 |     9 |    25 |    13 ||    48
       Ration            |       |       |     1 |     3 ||     4
Armor: Robe              |     5 |       |       |       ||     5
       Leather armour    |    33 |       |       |       ||    33
       Scale mail        |    14 |    55 |       |       ||    69
       Chain mail        |       |    76 |   168 |       ||   244
       Plate armour      |       |       |    78 |   191 ||   269
       Skin              |       |       |     1 |     7 ||     8
Dodge: Dodged            |    94 |   148 |   188 |    93 ||   523

Levels and vault maps discovered:
D:1:      grunt_arrival_lava_bath, layout_loops_ring
D:2:      layout_loops_ring, nicolae_overflow_quartered_altars,
          lemuel_round_altar, kennysheep_generic_room_3
D:3:      wad_crossroads, layout_rooms, first_ration, saegor_snake_ambush
D:4:      layout_loops_cross, uniq_blork_the_orc, uniq_sigmund
D:5:      layout_basic, serial_rivers, chequers_serial_rivers_micro_c,
          chequers_serial_rivers_marsh, chequers_serial_rivers_small_3,
          chequers_serial_rivers_room_b, chequers_serial_rivers_small_a,
          minmay_diced_spiral, uniq_menkaure, uniq_edmund
D:6:      layout_loops_cross, nicolae_ru_awakened_eye,
          minmay_temple_entry_drinking_statues, basic_altar,
          small_statue_intersection
D:7:      layout_basic, nicolae_qazlal_general_emergency,
          overflow_temple_1_default, serial_rivers,
          chequers_serial_rivers_micro_b, chequers_serial_rivers_marsh,
          chequers_serial_rivers_micro_e, chequers_serial_rivers_micro_b,
          chequers_serial_rivers_small_a
D:8:      layout_cave_pools, uniq_prince_ribbit1
D:9:      layout_cave_pools, lair_entry_dummy, enter_bailey_3
Temple:   nicolae_temple_great_sept
Bailey:   bailey_axe_minmay_hex_keep, bailey
